 Dungeon Crawl Stone Soup version 0.32-a0-22-g6ae6769602 (webtiles) character file.

Game seed: 16547273902047212240

299 Sobieck the Apothecary (level 6, -3/35 HPs)
             Began as a Gargoyle Alchemist on Jan 18, 2024.
             Killed by divine providence
             ... invoked by an orc priest
              (11 damage)
             ... on level 2 of the Dungeon.
             The game lasted 00:05:42 (2413 turns).

Sobieck the Apothecary (Gargoyle Alchemist)         Turns: 2413, Time: 00:05:43

Health: -3/35      AC:  8    Str: 12    XL:     6   Next: 36%
Magic:  4/9        EV: 11    Int: 17    God:
Gold:   171        SH:  0    Dex: 10    Spells: 6/9 levels left

rFire   . . .        f - +0 dagger
rCold   . . .        (no shield)
rNeg    + . .        a - +0 robe
rPois   ∞            i - +2 hat
rElec   +            (no cloak)
rCorr   .            (no gloves)
SInv    .            (no boots)
Will    .....        (no amulet)
Stlth   ++           (no ring)
HPRegen 0.25/turn    (no ring)
MPRegen 0.11/turn

%: no passive effects
@: weakened
A: sickness immunity, AC +4, negative energy resistance 1, electricity
resistance, torment resistance 1, petrification resistance
a: no special abilities


You were on level 2 of the Dungeon.
You visited 1 branch of the dungeon, and saw 3 of its levels.

You collected 171 gold pieces.

Inventory:

Hand Weapons
 f - a +0 dagger (weapon)
Armour
 a - a +0 robe (worn)
 i - a +2 hat (worn)
Magical Staves
 e - a staff of death
Talismans
 h - a serpent talisman
Scrolls
 c - 2 scrolls of teleportation {unknown}
 l - 3 scrolls of identify {unknown}
Potions
 b - a potion of magic
 d - a potion of mutation {unknown}
 g - a potion of might {unknown}
 j - a potion of cancellation {unknown}
 k - 2 potions of heal wounds {unknown}
 m - 2 potions of attraction {unknown}


   Skills:
 - Level 2.0 Fighting
 - Level 1.5 Dodging
 - Level 2.1 Stealth
 - Level 2.0 Spellcasting
 - Level 4.0 Conjurations
 + Level 4.5 Alchemy


You had 6 spell levels left.
You knew the following spells:

 Your Spells              Type           Power      Damage    Failure   Level
a - Sting                 Conj/Alch      64%        1d7       3%          1
b - Mercury Vapours       Alch/Air       18%        N/A       12%         2

Your spell library contained the following spells:

 Spells                   Type           Power      Damage    Failure   Level
 Mephitic Cloud           Conj/Alch/Air  11%        N/A       19%         3
 Olgreb's Toxic Radiance  Alch           17%        N/A       30%         4
 Sticky Flame             Fire/Alch      9%         2d5       58%         4


Dungeon Overview and Level Annotations

Branches:
Dungeon (3/15)

Altars:


Innate Abilities, Weirdness & Mutations

You are immune to sickness and miasma.
Your stone body is resilient. (AC +4)
You are immune to poison.
You resist negative energy. (rN+)
You are resistant to electric shocks. (rElec)
You are resistant to unholy torment.
You are immune to petrification.


Message History

Danger!
Unknown command.
Unknown command.
Casting: Sting (safe; 3% risk of failure)
Confirm with . or Enter, or press ? or * to list all spells.
Okay, then.
Unknown command.
The orc misses you.
The orc priest invokes the aid of Beogh against you.
Beogh smites you!
The orc priest hits you with a +4 morningstar!
You climb upwards.
There is a stone staircase leading down here.
Casting: Sting (safe; 3% risk of failure)
Confirm with . or Enter, or press ? or * to list all spells.
Aiming: Mercury Vapours (safe; 12% risk of failure)
Press: ? - help, Dir - move target Fumes of mercury billow through the air!
You feel your attacks grow feeble. The orc hits you with a +0 whip.
The orc priest closely misses you.
Unknown command.
Unknown command.
Casting: Mercury Vapours (safe; 12% risk of failure)
Confirm with . or Enter, or press ? or * to list all spells.
Aiming: Sting (safe; 3% risk of failure)
Press: ? - help, Shift-Dir - straight line, f - orc
Aim: an orc, wielding a +0 whip (74% to hit)
The sting hits the orc.
The orc is poisoned.
The orc is heavily wounded.
The orc completely misses you.
The orc priest hits you with a +4 morningstar.
Casting: Sting (safe; 3% risk of failure)
Confirm with . or Enter, or press ? or * to list all spells.
Aiming: Sting (safe; 3% risk of failure)
Press: ? - help, Shift-Dir - straight line, f - orc priest, p - orc
Aim: an orc priest, wielding a +4 morningstar (74% to hit)
The sting hits the orc priest but does no damage.
The orc priest is poisoned.
The orc hits you with a +0 whip.
* * * LOW HITPOINT WARNING * * *
The orc priest calls upon Beogh to heal the orc.
The orc is healed somewhat.
Casting: Sting (safe; 3% risk of failure)
Confirm with . or Enter, or press ? or * to list all spells.
Aiming: Sting (safe; 3% risk of failure)
Press: ? - help, Shift-Dir - straight line, f/p - orc priest
Aim: an orc priest, wielding a +4 morningstar (lightly wounded, poisoned, 74% to hit)
The sting misses the orc priest.
The orc barely misses you.
The orc priest mumbles some strange prayers to Beogh against you.
Beogh smites you!
You die...

..######......)...†...#
..# ###...........##
..## #..#.....#..#
#..## #...........#
##..# ##..........#
..#.# #.........##
#.#.# #.#.......#
#...#######.#....o..#
###.............@...#
................o...#
####................#
###............### ###
#............# ..#
###..........# #.##
#..........# #.<#
##..........#
.#.####..........##


You could see an orc priest (poisoned) and an orc (poisoned).

Vanquished Creatures
  Sigmund (D:2)
  Jessica (D:2)
  3 adders
  2 dart slugs
  2 ribbon worms (D:3)
  8 orcs (D:3)
  4 ball pythons
  5 endoplasms
  A giant cockroach (D:2)
  5 goblins
  6 hobgoblins
  2 jackals (D:1)
  2 quokkas
  5 bats
  A frilled lizard (D:1)
  4 kobolds
  6 rats
58 creatures vanquished.

Notes
Turn   | Place    | Note
-------+----------+-------------------------------------------
     0 | D:1      | Sobieck the Gargoyle Alchemist began the quest for the Orb.
     0 | D:1      | Reached XP level 1. HP: 10/10 MP: 3/3
   208 | D:1      | Reached XP level 2. HP: 16/16 MP: 0/5
   289 | D:1      | You fall into a shaft and drop 1 floor!
   300 | D:2      | Reached skill level 1 in Fighting
   303 | D:2      | Learned a level 2 spell: Mercury Vapours
   486 | D:1      | Reached XP level 3. HP: 20/20 MP: 1/6
   822 | D:1      | Found a faded altar of an unknown god.
  1256 | D:2      | Reached skill level 3 in Alchemy
  1299 | D:2      | Noticed Jessica
  1308 | D:2      | Killed Jessica
  1309 | D:2      | Reached XP level 4. HP: 22/26 MP: 0/7
  1759 | D:3      | Reached skill level 3 in Conjurations
  1760 | D:3      | Noticed Sigmund
  1904 | D:2      | Killed Sigmund
  1905 | D:2      | Reached XP level 5. HP: 24/30 MP: 1/8
  1905 | D:2      | Reached XP level 6. HP: 28/35 MP: 1/9
  2413 | D:2      | Killed from afar by an orc priest

Illustrated notes

Levels and vault maps discovered:
D:1:      saegor_arrival_under_anarchy, layout_rooms,
          shapermc_ecumenical_altar_petra, hex_intersection
D:2:      layout_rooms, uniq_jessica
D:3:      layout_rooms, serial_shops, shop, solitary_fountain, uniq_sigmund

Skill      XL: |  1  2  3  4 |
---------------+-------------+-----
Fighting       | 1 2 |  2.0
Conjurations   | 2 4 |  4.0
Alchemy        | 3 4 |  4.5
Dodging        | |  1.5
Stealth        | |  2.1
Spellcasting   | |  2.0

Action                     |  1- 3 |  4- 6 || total
---------------------------+-------+-------++-------
  Melee: Dagger            |    11 |     9 ||    20
         Punch             |     1 |       ||     1
   Cast: Sting             |    68 |    53 ||   121
         Mercury Vapours   |     2 |     3 ||     5
 Armour: Robe              |    17 |    24 ||    41
  Dodge: Dodged            |    22 |    20 ||    42

Table legend: (Time is in decaauts)
 A = Elapsed time spent in this place.
 B = Non-inter-level travel time spent in this place.
 C = Inter-level travel time spent in this place.
 D = Time resting spent in this place.
 E = Time spent auto-exploring this place.
 F = Levels seen in this place.
 G = Mean time per level.
                   A        B        C        D        E       F      G
               +--------+--------+--------+--------+--------+-----+--------+
         Total |   2419 |   2339 |     80 |    270 |   1645 |   3 |  806.3 |
       Dungeon |   2419 |   2339 |     80 |    270 |   1645 |   3 |  806.3 |
               +--------+--------+--------+--------+--------+-----+--------+

Top non-repeatable levels by time:
     D:2: 1035 daAuts
     D:1: 926 daAuts
     D:3: 458 daAuts
